 Dungeon Crawl Stone Soup version 0.25-a0-516-g7d600cd9ad (webtiles) character file.

Game seed: 4435301740388821455, levelgen mode: deterministic

17051 Gargoyl the Cleaver (level 12, -2/110 HPs)
             Began as a Centaur Abyssal Knight on Feb 15, 2020.
             Was a High Priest of Lugonu.
             Slain by Rupert
             ... wielding a +4 executioner's axe of freezing
              (5 damage)
             ... on level 3 of the Lair of Beasts on Feb 17, 2020.
             The game lasted 00:21:05 (15196 turns).

Gargoyl the Cleaver (Centaur Abyssal Knight)       Turns: 15196, Time: 00:21:06

Health: -2/110     AC: 25    Str: 19    XL:     12   Next: 15%
Magic:  12/18      EV:  7    Int: 11    God:    Lugonu [*****.]
Gold:   1126       SH:  0    Dex: 10    Spells: 11/11 levels left

rFire    . . .     SeeInvis .   b - +10 executioner's axe "Duniclyi" {vorpal, rN+}
rCold    + . .     Gourm    .   (shield currently unavailable)
rNeg     + . .     Faith    .   A - +3 chain mail
rPois    +         Spirit   .   q - +0 helmet
rElec    .         Reflect  .   C - +1 cloak
rCorr    .         Harm     .   (no gloves)
MR       .....                  g - +3 centaur barding {rC+}
Stlth    ..........             (no amulet)
HPRegen  0.28/turn              K - ring of poison resistance
MPRegen  0.16/turn              E - +2 ring of evasion

@: very quick
A: large, fangs 1, hooves 3, deformed body, speed 2, robust 1, tough skin 3,
wild magic 1, no potion heal 1
a: Depart the Abyss, Bend Space, Banish, Corrupt, Enter the Abyss, Renounce
Religion


You were on level 3 of the Lair of Beasts.
You worshipped Lugonu.
Lugonu was extremely pleased with you.
You were not hungry.

You visited 2 branches of the dungeon, and saw 15 of its levels.
You visited the Abyss 1 time.
You also visited: Sewer and Ice Cave.

You collected 1126 gold pieces.

Inventory:

Hand Weapons
 a - a +4 hand axe of venom
 b - the +10 executioner's axe "Duniclyi" (weapon) {vorpal, rN+}
   (You acquired it on level 1 of the Dungeon)

   It inflicts extra damage upon your enemies.
   It protects you from negative energy.
Missiles
 i - 3 boomerangs
 n - 2 silver javelins (quivered)
Armour
 g - a +3 centaur barding of cold resistance (worn)
 q - a +0 helmet (worn)
 A - a +3 chain mail (worn)
 C - a +1 cloak (worn)
Jewellery
 E - a +2 ring of evasion (right hand)
 J - an uncursed ring of protection from cold
 K - a ring of poison resistance (left hand)
 L - an uncursed ring of protection from cold
Wands
 l - a wand of paralysis (6)
 x - a wand of acid (7)
 y - a wand of iceblast (15)
 F - a wand of polymorph (9)
 H - a wand of clouds (2)
 I - a wand of random effects (41)
Scrolls
 e - 5 scrolls of remove curse
 o - 3 scrolls of teleportation
 r - 3 scrolls of blinking
 t - a scroll of identify
 v - a scroll of holy word
 w - 6 scrolls of magic mapping
 O - a scroll of fear
Potions
 d - 2 potions of ambrosia
 f - 3 potions of flight
 h - 7 potions of curing
 j - 3 potions of lignification
 k - 5 potions of brilliance
 m - a potion of resistance
 p - 2 potions of haste
 s - 3 potions of heal wounds
 u - 2 potions of cancellation
 z - a potion of magic
 B - 2 potions of invisibility {unknown}
 D - a potion of might
 G - a potion of agility
 N - a potion of mutation
Miscellaneous
 M - a lightning rod (4/4)
Comestibles
 c - 24 rations


   Skills:
 + Level 7.0 Fighting
 + Level 10.8 Axes
 + Level 0.7 Throwing
 * Level 8.1 Armour
 * Level 5.8 Dodging
 * Level 9.1 Invocations


You had 11 spell levels left.
You didn't know any spells.
Your spell library contained the following spells:

 Spells                   Type           Power        Failure   Level  Hunger
 Animate Skeleton         Necr           N/A          98%         1    ##.....
 Apportation              Tloc           #.....       98%         1    ##.....
 Corona                   Hex            #......      98%         1    ##.....
 Infusion                 Chrm           #...         98%         1    ##.....
 Magic Dart               Conj           #...         98%         1    ##.....
 Sandblast                Erth           #.....       98%         1    ##.....
 Summon Butterflies       Summ           #.......     98%         1    ##.....
 Summon Small Mammal      Summ           #...         98%         1    ##.....
 Blink                    Tloc           N/A          99%         2    ###....
 Call Imp                 Summ           #.......     99%         2    ###....
 Passwall                 Tmut/Erth      #.......     99%         2    ###....
 Shroud of Golubria       Chrm/Tloc      #.....       99%         2    ###....
 Slow                     Hex            #.......     99%         2    ###....
 Song of Slaying          Chrm           #.......     99%         2    ###....
 Swiftness                Chrm/Air       #.......     99%         2    ###....
 Call Canine Familiar     Summ           #.......     100%        3    ####...
 Confusing Touch          Hex            #.......     100%        3    ####...
 Conjure Flame            Conj/Fire      #.......     100%        3    ####...
 Gell's Gravitas          Tloc           #.........   100%        3    ####...
 Mephitic Cloud           Conj/Pois/Air  #.......     100%        3    ####...
 Ozocubu's Armour         Chrm/Ice       #.......     100%        3    ####...
 Spectral Weapon          Hex/Chrm       #.......     100%        3    ####...
 Stone Arrow              Conj/Erth      #.....       100%        3    ####...
 Passage of Golubria      Tloc           N/A          100%        4    #####..
 Petrify                  Tmut/Erth      #.......     100%        4    #####..
 Summon Ice Beast         Ice/Summ       #.......     100%        4    #####..
 Lee's Rapid Deconstruct  Erth           #.........   100%        5    ######.
 Metabolic Englaciation   Hex/Ice        #.........   100%        5    ######.
 Summon Mana Viper        Hex/Summ       #.......     100%        5    ######.
 Yara's Violent Unravell  Hex/Tmut       #.........   100%        5    ######.
 Darkness                 Hex            #.........   100%        6    #######
 Invisibility             Hex            #.......     100%        6    #######
 Summon Hydra             Summ           #.........   100%        7    #######


Dungeon Overview and Level Annotations

Branches:
Dungeon (11/15)            Temple (0/1) D:7            Lair (4/6) D:8
    Orc (0/2) D:9           Sewer (visited)           IceCv (visited)
  Swamp: Lair:2-4    Shoals: Lair:2-4     Snake: Lair:2-4    Spider: Lair:2-4

Altars:
Cheibriados
Makhleb
Okawaru
Sif Muna
Trog
Uskayaw
Vehumet
Wu Jian
Yredelemnul
Zin

Shops:
D:5 %   D:10 :

Annotations:
Lair:3 Rupert


Innate Abilities, Weirdness & Mutations

You have hooves in place of feet.
Armour fits poorly on your strangely shaped body.
You cover ground very quickly.
You have extremely tough skin. (AC +3)
You have very sharp teeth.
You are robust. (+10% HP)
Your spells are a little harder to cast, but a little more powerful.
Potions are less effective at restoring your health.


Message History

The crocodile bites you but does no damage.
The blink frog blinks! x2; Rupert hits you but does no damage.
You closely miss the crocodile.
The crocodile is severely wounded.
You hit Rupert but do no damage. You hit the plant.
The crocodile bites you but does no damage.
The blink frog blinks!
Rupert hits you with a +4 executioner's axe of freezing.
Rupert freezes you. The crocodile bites you.
You slice the crocodile!!
You kill the crocodile!
Lugonu accepts your kill.
You hit Rupert. You hit the plant but do no damage.
Rupert hits you with a +4 executioner's axe of freezing!
Rupert freezes you.
The blink frog hits you but does no damage.
Rupert hits you with a +4 executioner's axe of freezing!!
* * * LOW HITPOINT WARNING * * *
Rupert freezes you.
You die...

...< .# ....). #.# ......
#.# #.....###.# #####
.......#.###...##
#....#.........#
#.#...#FP.......#
##......@......##
..F....@F......P#
.........ยง##...##
...........#....#
...........#....#####
...b................##
...#.......#.##......###.
..#...#P..#.###..........
.P........####P...)......


You could see Rupert (berserk) and 3 blink frogs.

Vanquished Creatures
  Harold (D:6)
  An unseen horror (D:11)
  Pikel (D:5)
  An ugly thing (IceCv)
  3 ice statues (IceCv)
  A torpor snail (Lair:3)
  2 black mambas (Lair:1)
  2 spiny frogs (Lair:1)
  3 komodo dragons
  3 trolls
  2 hornets
  Grinder (D:4)
  2 hippogriffs
  Sigmund (D:4)
  A basilisk (Lair:2)
  6 wyverns
  10 yaks
  Menkaure (D:7)
  An acid dragon (D:10)
  Edmund (D:4)
  2 water moccasins
  7 porcupines
  3 orc warriors
  2 slaves (D:5)
  3 sky beasts
  A black bear (D:8)
  Duvessa (D:4)
  9 ice beasts
  4 ogres
  2 centaurs
  4 crocodiles
  2 big kobolds
  Blork the orc (D:6)
  Dowan (D:4)
  5 bullfrogs
  A gnoll sergeant (D:6)
  A water moccasin skeleton (D:9)
  A wyvern skeleton (D:9)
  2 scorpions
  9 killer bees
  3 wights (D:10)
  6 howler monkeys
  A crimson imp (D:10)
  3 bullfrog zombies
  A centaur zombie (D:9)
  5 hounds
  2 jellies (D:5)
  7 iguanas
  4 orc priests
  12 orc wizards
  A bullfrog skeleton (D:4)
  Natasha (thrice) (D:3)
  Terence (D:2)
  10 worker ants
  2 human simulacra (D:11)
  A worker ant zombie (D:9)
  Robin (D:2)
  3 gnolls (D:6)
  9 adders
  An adder zombie (D:8)
  3 worms
  2 dart slugs (D:1)
  5 leopard geckos
  19 orcs
  7 ball pythons
  9 bats
  7 giant cockroaches
  2 gnoll zombies (D:4)
  16 goblins
  10 hobgoblins
  27 jackals
  2 quokkas (D:4)
  12 frilled lizards
  A jackal zombie (D:3)
  27 kobolds
  8 rats
  4 plants (Sewer)
342 creatures vanquished.

Vanquished Creatures (others)
  2 hydras
  An ugly thing (IceCv)
  27 fungi
  2 plants (D:8)
32 creatures vanquished.

Grand Total: 374 creatures vanquished

Notes
Turn   | Place    | Note
-------+----------+-------------------------------------------
     0 | Abyss:1  | Gargoyl the Centaur Abyssal Knight began the quest for the
                  | Orb.
     0 | Abyss:1  | Reached XP level 1. HP: 19/19 MP: 2/2
   120 | Abyss:2  | Identified 2 scrolls of acquirement
   122 | Abyss:2  | Noticed a raiju
   123 | D:1      | Escaped the Abyss
   130 | D:1      | Identified the +10 executioner's axe "Duniclyi" {vorpal,
                  | rN+} (You acquired it on level 1 of the Dungeon)
   130 | D:1      | Identified the ring of Gyoxayx {Dex+4 Stlth+} (You acquired
                  | it on level 1 of the Dungeon)
   136 | D:1      | Noticed an electric eel
   395 | D:1      | Reached * piety under Lugonu
   436 | D:1      | Reached XP level 2. HP: 23/26 MP: 3/3
   529 | D:1      | Reached skill level 2 in Axes
   565 | D:1      | Reached skill level 1 in Dodging
   671 | D:1      | Reached XP level 3. HP: 31/31 MP: 4/4
  1178 | D:2      | Found a radiant altar of Vehumet.
  1270 | D:2      | Noticed Robin
  1273 | D:2      | Reached ** piety under Lugonu
  1274 | D:2      | Reached XP level 4. HP: 38/38 MP: 5/5
  1276 | D:2      | Killed Robin
  1277 | D:2      | Noticed Terence
  1283 | D:2      | Killed Terence
  1283 | D:2      | Reached skill level 3 in Axes
  1727 | D:3      | Noticed Natasha
  1736 | D:3      | Killed Natasha
  1736 | D:3      | Reached XP level 5. HP: 37/46 MP: 7/7
  2186 | D:3      | Noticed Natasha
  2189 | D:3      | Killed Natasha
  2232 | D:3      | Noticed Natasha
  2238 | D:3      | Killed Natasha
  2238 | D:3      | Reached *** piety under Lugonu
  2417 | D:4      | Found a basalt altar of Yredelemnul.
  2639 | D:4      | Noticed Duvessa
  2639 | D:4      | Noticed Dowan
  2653 | D:3      | Reached XP level 6. HP: 37/52 MP: 8/8
  2743 | D:4      | Killed Duvessa
  2743 | D:4      | Reached skill level 4 in Axes
  2756 | D:4      | Killed Dowan
  2900 | D:4      | Noticed Grinder
  2907 | D:4      | Killed Grinder
  2907 | D:4      | Reached XP level 7. HP: 47/59 MP: 9/9
  3180 | D:4      | Noticed Sigmund
  3189 | D:4      | Killed Sigmund
  3189 | D:4      | Reached skill level 5 in Axes
  3362 | D:4      | Noticed Edmund
  3369 | D:4      | Killed Edmund
  3369 | D:4      | Reached XP level 8. HP: 62/67 MP: 11/11
  3605 | D:5      | Entered Level 5 of the Dungeon
  3714 | D:5      | Noticed Pikel
  3729 | D:5      | Killed Pikel
  3729 | D:5      | Reached skill level 6 in Axes
  3729 | D:5      | Reached skill level 5 in Invocations
  3878 | D:5      | Found Weif's Food Shoppe.
  4160 | D:5      | Found a glowing drain.
  4164 | Sewer    | Entered a sewer
  4203 | Sewer    | Reached **** piety under Lugonu
  4213 | Sewer    | Reached skill level 5 in Fighting
  5141 | D:5      | Found an iron altar of Okawaru.
  5516 | D:6      | Reached XP level 9. HP: 74/74 MP: 13/13
  5958 | D:6      | Noticed Blork the orc
  5964 | D:6      | Killed Blork the orc
  6270 | D:7      | Noticed Harold
  6278 | D:7      | Noticed Menkaure
  6295 | D:6      | Killed Harold
  6295 | D:6      | Reached skill level 7 in Axes
  6295 | D:6      | Reached skill level 5 in Armour
  6673 | D:7      | Killed Menkaure
  6922 | D:7      | Found a snail-covered altar of Cheibriados.
  6979 | D:7      | Found a burning altar of Makhleb.
  7107 | D:7      | Found a staircase to the Ecumenical Temple.
  7380 | D:8      | Reached XP level 10. HP: 61/81 MP: 14/14
  7382 | D:8      | Reached skill level 8 in Axes
  7661 | D:8      | Reached ***** piety under Lugonu
  7667 | D:8      | Found a staircase to the Lair.
  8705 | D:9      | Found an ornate altar of the Wu Jian Council.
  8711 | D:9      | Found a staircase to the Orcish Mines.
  8829 | D:9      | HP: 4/83 [wyvern (3)]
  9429 | D:9      | Reached skill level 9 in Axes
  9980 | D:9      | Found a bloodstained altar of Trog.
  9980 | D:9      | Found a hide-covered altar of Uskayaw.
  9987 | D:9      | Found a faded altar of an unknown god.
  9989 | D:9      | Found a glowing silver altar of Zin.
  9991 | D:9      | Found a shimmering blue altar of Sif Muna.
 10211 | D:10     | Entered Level 10 of the Dungeon
 10234 | D:10     | Gained mutation: You are robust. (+10% HP) [potion of
                  | mutation]
 10234 | D:10     | Gained mutation: Your spells are a little harder to cast,
                  | but a little more powerful. [potion of mutation]
 10234 | D:10     | Gained mutation: Potions are less effective at restoring
                  | your health. [potion of mutation]
 10234 | D:10     | Gained mutation: You have very sharp teeth. [potion of
                  | mutation]
 10264 | D:10     | Upgraded the game from 0.25-a0-510-ge065f6de7d to
                  | 0.25-a0-516-g7d600cd9ad
 10355 | D:10     | Reached XP level 11. HP: 84/97 MP: 16/16
 10625 | D:10     | Found Paliaph's Book Shoppe.
 11146 | Lair:1   | Entered Level 1 of the Lair of Beasts
 11152 | Lair:1   | Reached skill level 5 in Dodging
 11572 | Lair:1   | Noticed a four-headed hydra
 11580 | Lair:1   | Banished a four-headed hydra
 12279 | D:11     | Killed an unseen horror
 12543 | D:11     | Found a frozen archway.
 12594 | IceCv    | Entered an ice cave
 12600 | IceCv    | Reached skill level 10 in Axes
 12623 | IceCv    | Noticed a white ugly thing
 12635 | IceCv    | Killed a white ugly thing
 13082 | IceCv    | Noticed a white ugly thing
 13100 | IceCv    | Banished a white ugly thing
 14392 | Lair:2   | Identified the +7 tower shield of Unutha {rC++ Dex+3
                  | Stlth+} (You acquired it on level 2 of the Lair of Beasts)
 14768 | Lair:2   | You fall into a shaft and drop 2 floors!
 14830 | Lair:4   | Reached XP level 12. HP: 100/106 MP: 18/18
 15181 | Lair:3   | Noticed a six-headed hydra
 15183 | Lair:3   | Noticed Rupert
 15185 | Lair:3   | Banished a six-headed hydra
 15196 | Lair:3   | HP: 3/110 [Rupert/+4 executioner's axe of freezing (35)]
 15196 | Lair:3   | Slain by Rupert

Levels and vault maps discovered:
D:1:      arrival_aquarium_a, layout_basic
D:2:      layout_rooms, overflow_temple_1_default, uniq_terence, uniq_robin
D:3:      layout_loops_ring, first_ration, uniq_natasha
D:4:      layout_rooms, lemuel_zombie_altar_yredelemnul, uniq_grinder,
          uniq_sigmund, uniq_duvessa, uniq_edmund
D:5:      layout_basic, okawaru_gym_becter, serial_shops, shop,
          gup_sewer_entry_spiral, minmay_fractal_squares_gapless_5, uniq_pikel
D:6:      layout_loops_ring, uniq_blork_the_orc
D:7:      layout_rooms, old_standard_altar, lemuel_crystal_altar,
          temple_fountains, uniq_menkaure, uniq_harold
D:8:      layout_loops_ring, due_lair_maze_entry_diamond
D:9:      layout_basic, chequers_temple_overflow_minitemple,
          nicolae_overflow_hidden_temple
D:10:     layout_cave_pools, serial_shops, nicolae_shop_window_shopping,
          grunt_pizzeria, minmay_misc_feat_encased
D:11:     layout_rooms, portal_ice_cave_entry_pillars_2, bh_circular_ruins
Lair:1:   layout_regular_city, grunt_megastairs_4
Lair:2:   layout_long_grid
Lair:3:   layout_misc_corridors, guppyfry_snake_entry_island,
          grunt_megastairs_5, lemuel_fruit_fields, uniq_rupert
Lair:4:   gammafunk_lair_enchanted_lake, layout_gridlike,
          minmay_shoals_entry_beasts, lightli_volcano_entry_magma_tube,
          grunt_megastairs_2, infiniplex_staircase_pool, uniq_kirke

Skill      XL: |  1  2  3  4  5  6  7  8  9 10 11 12 |
---------------+-------------------------------------+-----
Axes           | 2 3 4 5 6 7 9 10 | 10.8
Dodging        | 1 2 3 4 5 |  5.8
Armour         | 2 3 4 5 6 7 8 |  8.1
Invocations    | 3 4 5 6 7 8 9 |  9.1
Fighting       | 4 5 6 7 |  7.0
Throwing       | |  0.7

Action                   |  1- 3 |  4- 6 |  7- 9 | 10-12 || total
-------------------------+-------+-------+-------+-------++-------
Melee: Executioner's axe |    67 |    79 |   201 |   314 ||   661
       Kick              |     7 |    13 |    28 |    64 ||   112
       Bite              |       |       |       |    17 ||    17
Throw: Javelin           |       |       |     2 |     2 ||     4
Invok: Depart the Abyss  |     1 |       |       |       ||     1
       Banish            |       |       |       |     7 ||     7
  Use: Scroll            |     4 |     4 |     8 |    18 ||    34
       Potion            |       |       |     7 |     4 ||    11
  Eat: Chunk             |       |     5 |     9 |    14 ||    28
       Ration            |       |       |     1 |     3 ||     4
Armor: Scale mail        |    90 |    87 |    20 |       ||   197
       Plate armour      |       |       |   194 |   308 ||   502
       Skin              |       |       |    17 |       ||    17
       Chain mail        |       |       |       |   108 ||   108
Dodge: Dodged            |    30 |    35 |    29 |   135 ||   229

Table legend:
 A = Non-vault XP
 B = Vault XP
 C = Vault XP percentage of total XP
 D = Non-vault monster count
 E = Vault monster count
 F = Vault count percentage of total count
                 A         B        C        D         E       F
            +---------+---------+-------+---------+---------+-------
      Total |   17314 |    7045 |  28.9 |     263 |      76 |  22.4
            +---------+---------+-------+---------+---------+-------
        D:1 |      48 |       0 |   0.0 |      27 |       0 |   0.0
        D:2 |      49 |      70 |  58.8 |      21 |      13 |  38.2
        D:3 |     159 |      36 |  18.5 |      26 |       1 |   3.7
        D:4 |     269 |     857 |  76.1 |      12 |       7 |  36.8
        D:5 |     486 |     689 |  58.6 |      22 |      10 |  31.2
        D:6 |     751 |    1067 |  58.7 |      23 |       2 |   8.0
        D:7 |     501 |     172 |  25.6 |       6 |       1 |  14.3
        D:8 |     781 |    1071 |  57.8 |      12 |       9 |  42.9
        D:9 |    3295 |       0 |   0.0 |      49 |       0 |   0.0
       D:10 |    1473 |     121 |   7.6 |      26 |       1 |   3.7
       D:11 |    1336 |      42 |   3.0 |       7 |       2 |  22.2
     Lair:1 |    4149 |       0 |   0.0 |      15 |       0 |   0.0
     Lair:2 |    1131 |       0 |   0.0 |       6 |       0 |   0.0
     Lair:3 |    2360 |       0 |   0.0 |       9 |       0 |   0.0
     Lair:4 |     526 |       0 |   0.0 |       2 |       0 |   0.0
      Sewer |       0 |      41 | 100.0 |       0 |      19 | 100.0
      IceCv |       0 |    2879 | 100.0 |       0 |      11 | 100.0
            +---------+---------+-------+---------+---------+-------
